 Dungeon Crawl Stone Soup version 0.19.0-1-g5985abe (webtiles) character file.

57 Ladykiller69 the Skirmisher (level 3, 33/33 HPs)
             Began as a Minotaur Fighter on Nov 2, 2016.
             Got out of the dungeon alive.
             The game lasted 00:03:55 (1334 turns).

Ladykiller69 the Skirmisher (Minotaur Fighter)      Turns: 1334, Time: 00:03:56

Health: 33/33      AC:  7    Str: 20    XL:     3   Next: 73%
Magic:  2/2        EV:  8    Int:  5    God:
Gold:   28         SH:  9    Dex: 10    Spells: 0 memorised, 2 levels left

rFire  . . .     SeeInvis .     a - +0 long sword
rCold  . . .     Gourm    .     b - +0 scale mail
rNeg   . . .     Faith    .     c - +0 shield
rPois  .         Spirit   .     (helmet restricted)
rElec  .         Reflect  .     (no cloak)
rCorr  .         Harm     .     (no gloves)
MR     .....                    (no boots)
Stlth  ..........               (no amulet)
                                (no ring)
                                (no ring)

@: no status effects
A: retaliatory headbutt, horns 2
a: no special abilities


You escaped.
You were not hungry.

You visited 1 branch of the dungeon, and saw 2 of its levels.

You collected 28 gold pieces.

Inventory:

Hand Weapons
 a - a +0 long sword (weapon)
Armour
 b - a +0 scale mail (worn)
 c - a +0 shield (worn)
Jewellery
 i - an uncursed ring of poison resistance {unknown}
 p - an uncursed ring of protection from cold {unknown}
Scrolls
 e - a scroll of noise {unknown}
 g - 3 scrolls of teleportation {unknown}
 h - 4 scrolls of identify {unknown}
 l - a scroll of random uselessness {unknown}
 n - a scroll of fog {unknown}
 o - a scroll of magic mapping {unknown}
 r - a scroll of fear {unknown}
Potions
 d - a potion of might
 j - a potion of degeneration {unknown}
 k - 3 potions of mutation {unknown}
Comestibles
 f - 2 bread rations
 m - a royal jelly
 q - a meat ration
 s - 2 chunks of flesh


   Skills:
 - Level 4.0 Fighting
 * Level 4.0 Long Blades
 + Level 3.9 Armour
 + Level 1.4 Dodging
 - Level 3.6 Shields


You had 2 spell levels left.
You didn't know any spells.

Dungeon Overview and Level Annotations

Branches:
Dungeon (2/15)

Altars:
Trog


Innate Abilities, Weirdness & Mutations

You reflexively headbutt those who attack you in melee.
You have a pair of horns on your head.


Message History

The frilled lizard barely misses you. You furiously retaliate!
You headbutt the frilled lizard.
You kill the frilled lizard!
Your Long Blades skill increases to level 4!
No target in view!
No target in view!
There isn't anything here!
You see here a frilled lizard corpse.
You butcher the frilled lizard corpse.
s - a chunk of flesh
s - 2 chunks of flesh (gained 1)
There is an open door here.
There is an escape hatch in the ceiling here.
A mysterious force pulls you upwards. The hatch slams shut behind you.
You see here a dagger.
You see here a short sword.
You see here a stone.
There is a staircase leading out of the dungeon here.
Are you sure you want to leave the Dungeon?
This will make you lose the game!
You have escaped!

...##.........................##.
...##...........#.............##.
...##...........#.............###
..####..........#..........#.....
................#......#.........
............#####......#.........
............### #####............
..####.####...#### ##....#.......
...............#@###.....#.......
.....)...)(.......##.....#...รท...
.................###.....#.......
.................# #.............
##...............###.....#.......
##.................#.....#.......
######.#....##.....#.............
#......#...........#......##.###.
#................##............#.


There were no monsters in sight!

Vanquished Creatures
  An adder (D:2)
  A worm (D:2)
  4 leopard geckos (D:2)
  An orc (D:2)
  3 giant cockroaches (D:2)
  A goblin (D:2)
  3 hobgoblins
  3 jackals (D:2)
  6 kobolds
  5 bats
  4 frilled lizards
  9 rats
41 creatures vanquished.

Notes
Turn   | Place    | Note
-------+----------+-------------------------------------------
     0 | D:1      | Ladykiller69 the Minotaur Fighter began the quest for the Orb.
     0 | D:1      | Reached XP level 1. HP: 19/19 MP: 0/0
   141 | D:1      | Reached XP level 2. HP: 25/27 MP: 1/1
   746 | D:2      | Found a faded altar of an unknown god.
   834 | D:2      | Found a bloodstained altar of Trog.
   875 | D:2      | Reached XP level 3. HP: 33/33 MP: 2/2
   885 | D:2      | Reached skill level 1 in Dodging
  1334 | D:$      | Got out of the dungeon alive.

Skill      XL: |  1  2  3 |
---------------+----------+-----
Long Blades    | 3 4 |  4.0
Dodging        | 1 |  1.4
Fighting       | 4 |  4.0
Armour         | |  3.9
Shields        | |  3.6

Action                   || total
-------------------------++-------
Melee: Long sword        ||    86
       Headbutt          ||    14
  Eat: Chunk             ||     1
Armor: Scale mail        ||    33
Dodge: Dodged            ||    20
Block: Shield            ||    44
       Rpst.: Long sword ||     3
